 Dungeon Crawl Stone Soup version 0.29-a0-819-g94b489e0ae (webtiles) character file.

Game seed: 8176495671793619823

3 Colgate the Sneak (level 1, -1/12 HPs)
             Began as a Kobold Brigand on July 6, 2022.
             Slain by a frilled lizard (3 damage)
             ... on level 1 of the Dungeon.
             The game lasted 00:00:15 (70 turns).

Colgate the Sneak (Kobold Brigand)                    Turns: 70, Time: 00:00:16

Health: -1/12      AC:  3    Str:  8    XL:     1   Next: 55%
Magic:  1/1        EV: 14    Int: 12    God:
Gold:   27         SH:  0    Dex: 16    Spells: 0/0 levels left

rFire   . . .      SeeInvis .   a - +2 dagger
rCold   . . .      Faith    .   (no shield)
rNeg    . . .      Spirit   .   b - +0 robe
rPois   .          Reflect  .   (no helmet)
rElec   .          Harm     .   c - +0 cloak
rCorr   .          Rampage  .   (no gloves)
Will    .....                   (no boots)
Stlth   ++++......              (no amulet)
HPRegen 0.04/turn               (no ring)
MPRegen 0.07/turn               (no ring)

@: no status effects
A: small, no large weapons, nightstalker 3
a: no special abilities


You were on level 1 of the Dungeon.
You visited 1 branch of the dungeon, and saw 1 of its levels.

You collected 27 gold pieces.

Inventory:

Hand Weapons
 a - a +2 dagger (weapon)
Missiles
 d - 9 poisoned darts (quivered)
 e - 3 curare-tipped darts
Armour
 b - a +0 robe (worn)
 c - a +0 cloak (worn)
Magical Staves
 g - a staff of air
Scrolls
 f - a scroll of identify {unknown}


   Skills:
 - Level 2.1 Fighting
 + Level 3.1 Short Blades
 - Level 2.1 Throwing
 - Level 1.2 Dodging
 - Level 5.3 Stealth


You couldn't memorise any spells.
You didn't know any spells.
Your spell library was empty.

Dungeon Overview and Level Annotations

Branches:
Dungeon (1/15)

Altars:


Innate Abilities, Weirdness & Mutations

You are small and have problems with some larger weapons.
You are completely attuned to the shadows.


Message History

The helpless goblin fails to defend itself.
You impale the goblin!!
You kill the goblin!
You now have 27 gold pieces (gained 13).
An endoplasm comes into view.
A goblin comes into view. It is wielding a +0 dagger.
There are monsters nearby!
The goblin shouts!
The endoplasm quivers.
You hear an angry hiss.
You hear a bark!
You hear a shout!
You hear a bark!
A frilled lizard comes into view.
There are monsters nearby!
You barely miss the endoplasm.
A goblin comes into view. It is wielding a +0 club.
The endoplasm freezes you.
You are frozen.
There are monsters nearby!
You completely miss the endoplasm.
There are monsters nearby!
You hit the endoplasm. The endoplasm freezes you.
You are frozen.
The goblin misses you.
There are monsters nearby!
You are too injured to fight recklessly!
There are monsters nearby!
You are too injured to fight recklessly!
There are monsters nearby!
You are too injured to fight recklessly!
There are monsters nearby!
You are too injured to fight recklessly!
There are monsters nearby!
You are too injured to fight recklessly!
There are monsters nearby!
You barely miss the endoplasm. The endoplasm closely misses you.
The goblin hits you with a +0 dagger.
* * * LOW HITPOINT WARNING * * *
You hit the endoplasm.
You kill the endoplasm!
The goblin barely misses you. The frilled lizard bites you.
You die...

.. ... .######
..#. #.# #g....#
.... #.# #.l...#
.....##.####.@...#
..............g...
#..#.#.####.....#
#......# #.....#
#)#.##### #.....#
#.......# ....
####.##. #.##.#
#.##.# ###


You could see 2 goblins and a frilled lizard.

Vanquished Creatures
  An endoplasm (D:1)
  A goblin (D:1)
  A hobgoblin (D:1)
  A rat (D:1)
4 creatures vanquished.

Notes
Turn   | Place    | Note
-------+----------+-------------------------------------------
     0 | D:1      | Colgate the Kobold Brigand began the quest for the Orb.
     0 | D:1      | Reached XP level 1. HP: 12/12 MP: 1/1
    70 | D:1      | Slain by a frilled lizard

Illustrated notes

Levels and vault maps discovered:
D:1:      heliophobic_arrival_enchanted_forest, layout_basic, minmay_ruptured

Skill      XL: |  1 |
---------------+----+-----
Short Blades   | 3 |  3.1
Fighting       | |  2.1
Throwing       | |  2.1
Dodging        | |  1.2
Stealth        | |  5.3

Action                   || total
-------------------------++-------
Melee: Dagger            ||    12
 Stab: Sleeping          ||     2
Armor: Robe              ||     1
Dodge: Dodged            ||     7

Table legend: (Time is in decaauts)
 A = Elapsed time spent in this place.
 B = Non-inter-level travel time spent in this place.
 C = Inter-level travel time spent in this place.
 D = Time resting spent in this place.
 E = Time spent auto-exploring this place.
 F = Levels seen in this place.
 G = Mean time per level.
                   A        B        C        D        E       F      G
               +--------+--------+--------+--------+--------+-----+--------+
         Total |     68 |     68 |      0 |      0 |     43 |   1 |   68.0 |
       Dungeon |     68 |     68 |      0 |      0 |     43 |   1 |   68.0 |
               +--------+--------+--------+--------+--------+-----+--------+

Top non-repeatable levels by time:
     D:1: 68 daAuts
